Workbook

Sheet COTIZACION 1
B1: CONSULTORES, DESARROLLO Y AMBIENTE SAS BIC
B2: NIT. 900.965.653-5
B3: COSTOS DE PERSONAL
B4: ITEM | C4: DESCRIPCION | D4: UNIDAD DE MEDIDA | E4: CANTIDAD | F4: VALOR DE HONORARIO / MES | G4: % DEDICACION | H4: SUBTOTAL | I4: FACTOR MULTIPLICADOR | J4: VALOR TOTAL
B5: 1 | C5: Director de Interventoría | D5: PERSONAL | E5: 1 | F5: 5000000 | G5: 1 | H5: =+E5*F5*G5 -> 5000000 | I5: 2.5 | J5: =+H5*I5 -> 12500000
B6: 2 | C6: Coordinador profesional ambiental de restauración | D6: PERSONAL | E6: 1 | F6: 5000000 | G6: 1 | H6: =+E6*F6*G6 -> 5000000 | I6: 2.5 | J6: =+H6*I6 -> 12500000
B7: 3 | C7: Coordinador Profesional SST | D7: PERSONAL | E7: 1 | F7: 5000000 | G7: 1 | H7: =+E7*F7*G7 -> 5000000 | I7: 2.5 | J7: =+H7*I7 -> 12500000
B8: 4 | C8: Coordinador SIG | D8: PERSONAL | E8: 1 | F8: 5000000 | G8: 1 | H8: =+E8*F8*G8 -> 5000000 | I8: 2.5 | J8: =+H8*I8 -> 12500000
B9: 5 | C9: Abogado ambiental | D9: PERSONAL | E9: 1 | F9: 7500000 | G9: 0.5 | H9: =+E9*F9*G9 -> 3750000 | I9: 2.5 | J9: =+H9*I9 -> 9375000
B10: 6 | C10: Profesional Financiero | D10: PERSONAL | E10: 1 | F10: 5000000 | G10: 1 | H10: =+E10*F10*G10 -> 5000000 | I10: 2.5 | J10: =+H10*I10 -> 12500000
B11: 7 | C11: Residente de Interventoría para el componente 1 de implementación | D11: PERSONAL | E11: 3 | F11: 5000000 | G11: 1 | H11: =+E11*F11*G11 -> 15000000 | I11: 2.5 | J11: =+H11*I11 -> 37500000
B12: 8 | C12: Residente de Interventoría para el componente 2 mantenimiento | D12: PERSONAL | E12: 8 | F12: 4500000 | G12: 1 | H12: =+E12*F12*G12 -> 36000000 | I12: 2.5 | J12: =+H12*I12 -> 90000000
B13: TOTAL COSTOS DE PERSONAL (A) | J13: =SUM(J5:J12) -> 199375000
B14: Nota 1: Los perfiles del personal a cotizar se encuentran descritos en el anexo técnico de interventoría
B15: Nota 2: Señor interesado, la Entidad se permite señalar que con la presentación de su cotización, la misma deberá ir acompañada en documento independiente con la justificación del factor multiplicador propuesto.
B16: Nota 3. Señor interesado,tenga en cuenta al momento de elaborar su cotización que en el concepto de factor multiplicador deberá tener en cuenta todos los costos directos e indirectos que se genere en el marco de la ejecución del contrato.
C19: SUBTOTAL | D19: =+J13 -> 199375000
C20: IVA 19% | D20: =D19*19% -> 37881250
C21: VALOR TOTAL COTIZACION | D21: =SUM(D19:D20) -> 237256250
I25: 17
I26: 0.8
I27: =+I25*I26 -> 13.6

Sheet COTIZACION 2
B1: Future Forest Solutions SAS
B2: COSTOS DE PERSONAL
B3: ITEM | C3: DESCRIPCION | D3: UNIDAD DE MEDIDA | E3: CANTIDAD | F3: VALOR DE HONORARIO / MES | G3: % DEDICACION | H3: SUBTOTAL | I3: FACTOR MULTIPLICADOR | J3: VALOR TOTAL
B4: 1 | C4: Director de Interventoría | D4: PERSONAL | E4: 1 | F4: 8000000 | G4: 1 | H4: =+E4*F4*G4 -> 8000000 | I4: 1.715 | J4: =+H4*I4 -> 13720000
B5: 2 | C5: Coordinador profesional ambiental de restauración | D5: PERSONAL | E5: 1 | F5: 5500000 | G5: 1 | H5: =+E5*F5*G5 -> 5500000 | I5: 1.715 | J5: =+H5*I5 -> 9432500
B6: 3 | C6: Coordinador Profesional SST | D6: PERSONAL | E6: 1 | F6: 4500000 | G6: 1 | H6: =+E6*F6*G6 -> 4500000 | I6: 1.715 | J6: =+H6*I6 -> 7717500
B7: 4 | C7: Coordinador SIG | D7: PERSONAL | E7: 1 | F7: 5500000 | G7: 1 | H7: =+E7*F7*G7 -> 5500000 | I7: 1.715 | J7: =+H7*I7 -> 9432500
B8: 5 | C8: Abogado ambiental | D8: PERSONAL | E8: 1 | F8: 4500000 | G8: 0.5 | H8: =+E8*F8*G8 -> 2250000 | I8: 1.715 | J8: =+H8*I8 -> 3858750
B9: 6 | C9: Profesional Financiero | D9: PERSONAL | E9: 1 | F9: 4500000 | G9: 1 | H9: =+E9*F9*G9 -> 4500000 | I9: 1.715 | J9: =+H9*I9 -> 7717500
B10: 7 | C10: Residente de Interventoría para el componente 1 de implementación | D10: PERSONAL | E10: 3 | F10: 4000000 | G10: 1 | H10: =+E10*F10*G10 -> 12000000 | I10: 1.715 | J10: =+H10*I10 -> 20580000
B11: 8 | C11: Residente de Interventoría para el componente 2 mantenimiento | D11: PERSONAL | E11: 8 | F11: 4000000 | G11: 1 | H11: =+E11*F11*G11 -> 32000000 | I11: 1.715 | J11: =+H11*I11 -> 54880000
B12: TOTAL COSTOS DE PERSONAL (A) | J12: =SUM(J4:J11) -> 127338750
B13: Nota 1: Los perfiles del personal a cotizar se encuentran descritos en el anexo técnico de interventoría
B14: Nota 2: Señor interesado, la Entidad se permite señalar que con la presentación de su cotización, la misma deberá ir acompañada en documento independiente con la justificación del factor multiplicador propuesto.
B15: Nota 3. Señor interesado,tenga en cuenta al momento de elaborar su cotización que en el concepto de factor multiplicador deberá tener en cuenta todos los costos directos e indirectos que se genere en el marco de la ejecución del contrato.
C18: SUBTOTAL | D18: =+J12 -> 127338750
C19: IVA 19% | D19: =D18*(0.19) -> 24194362
C20: VALOR TOTAL COTIZACION | D20: =D18+D19 -> 1.5153311e+08

Sheet PRECIOS HISTORICOS
E1: ipc dic 2022 | F1: 45717
C2: INDICE DE INDEXACION | E2: 126.03 | F2: 148.68
D4: F.M | E4: 1.87 | G4: F.M | H4: 2.7 | J4: 2.29 | K4: 1.715 | L4: 2.5 | M4: =AVERAGE(J4:L4) -> 2.1683333 | N4: =+AVERAGE(E4,H4,K4,L4) -> 2.19625
D5: INTERCONSTRUCCIONES & DISEÑO SAS | G5: ESTUDIO TECNICOS Y CONSTRUCCIONES | J5: PRECIO DE REFERENCIA
B6: DESCRIPCION | C6: CANTIDAD | D6: VALOR UNITARIO | E6: valor indexado a marzo 2025 | F6: VALORES DE REFERENCIA | G6: VALOR UNITARIO | H6: valor indexado a marzo 2025 | I6: VALORES DE REFERENCIA
B7: Director de Interventoría | C7: 1 | D7: 9230000 | E7: =(($F$2/$E$2)*D7)*C7 -> 10888807 | F7: =+E7*C7*$E$4 -> 20362070 | G7: 8000000 | H7: =(($F$2/$E$2)*G7)*C7 -> 9437752.9 | I7: =+H7*C7*$H$4 -> 25481933 | J7: =+AVERAGE(E7,H7) -> 10163280 | M7: =+AVERAGE(E7,H7) -> 10163280
B8: Coordinador profesional ambiental de restauración | C8: 1 | D8: 7880443 | E8: =(($F$2/$E$2)*D8)*C8 -> 9296709.2 | F8: =+E8*C8*$E$4 -> 17384846 | G8: 4000000 | H8: =(($F$2/$E$2)*G8)*C8 -> 4718876.5 | I8: =+H8*C8*$H$4 -> 12740966 | J8: =+AVERAGE(E8,H8) -> 7007792.8 | M8: =+AVERAGE(E8,H8) -> 7007792.8
B9: Coordinador Profesional SST | C9: 1 | D9: 4970718 | E9: =(($F$2/$E$2)*D9)*C9 -> 5864051 | F9: =+E9*C9*$E$4 -> 10965775 | G9: 3500000 | H9: =(($F$2/$E$2)*G9)*C9 -> 4129016.9 | I9: =+H9*C9*$H$4 -> 11148346 | J9: =+AVERAGE(E9,H9) -> 4996534 | M9: =+AVERAGE(E9,H9) -> 4996534
B10: Coordinador SIG | C10: 1 | D10: 7880443 | E10: =(($F$2/$E$2)*D10)*C10 -> 9296709.2 | F10: =+E10*C10*$E$4 -> 17384846 | G10: =5000000*0.8 -> 4000000 | H10: =(($F$2/$E$2)*G10)*C10 -> 4718876.5 | I10: =+H10*C10*$H$4 -> 12740966 | J10: =+AVERAGE(E10,H10) -> 7007792.8 | M10: =+AVERAGE(E10,H10) -> 7007792.8
B11: Abogado ambiental | C11: 1 | D11: 7880443 | E11: =(($F$2/$E$2)*D11)*C11 -> 9296709.2 | F11: =+E11*C11*$E$4 -> 17384846 | G11: 4000000 | H11: =(($F$2/$E$2)*G11)*C11 -> 4718876.5 | I11: =+H11*C11*$H$4 -> 12740966 | J11: =+AVERAGE(E11,H11) -> 7007792.8 | M11: =+AVERAGE(E11,H11) -> 7007792.8
B12: Profesional Financiero | C12: 1 | D12: 7022777 | E12: =(($F$2/$E$2)*D12)*C12 -> 8284904.3 | F12: =+E12*C12*$E$4 -> 15492771 | G12: 3000000 | H12: =(($F$2/$E$2)*G12)*C12 -> 3539157.3 | I12: =+H12*C12*$H$4 -> 9555724.8 | J12: =+AVERAGE(E12,H12) -> 5912030.8 | M12: =+AVERAGE(E12,H12) -> 5912030.8
B13: Residente de Interventoría para el componente 1 de implementación | C13: 3 | D13: 4970718 | E13: =(($F$2/$E$2)*D13)*C13 -> 17592153 | F13: =+E13*C13*$E$4 -> 98691979 | G13: 3800000 | H13: =(($F$2/$E$2)*G13)*C13 -> 13448798 | I13: =+H13*C13*$H$4 -> 1.0893526e+08 | J13: =+AVERAGE(E13,H13) -> 15520476 | M13: =+AVERAGE(E13,H13) -> 15520476
B14: Residente de Interventoría para el componente 2 mantenimiento | C14: 8 | D14: 4970718 | E14: =(($F$2/$E$2)*D14)*C14 -> 46912408 | F14: =+E14*C14*$E$4 -> 7.0180963e+08 | G14: 3800000 | H14: =(($F$2/$E$2)*G14)*C14 -> 35863461 | I14: =+H14*C14*$H$4 -> 7.7465076e+08 | J14: =+AVERAGE(E14,H14) -> 41387935 | K14: =+J14/0.19 -> 2.1783124e+08 | L14: =+J14-K14 -> -1.764433e+08 | M14: =+AVERAGE(E14,H14) -> 41387935
J15: =SUM(J7:J14) -> 99003634 | K15: =+J15*19% -> 18810690 | L15: =+J15-K15 -> 80192943

Sheet FACTOR MULTIPLICADOR
K1: 0.3 | L1: -0.3
B2: NTERCONSTRUCCIONES & DISEÑO SAS | C2: ESTUDIO TECNICOS Y CONSTRUCCIONES | D2: Future Forest Solutions SAS | E2: CONSULTORES, DESARROLLO Y AMBIENTE SAS BIC | F2: PROMEDIO | H2: DESV. ESTÁNDAR | I2: COEFICIENTE DE VARIACION | K2: NTERCONSTRUCCIONES & DISEÑO SAS | L2: ESTUDIO TECNICOS Y CONSTRUCCIONES | M2: Future Forest Solutions SAS | N2: CONSULTORES, DESARROLLO Y AMBIENTE SAS BIC | O2: HERRAMIENTA ESTADISTICA UTILIZADA | Q2: MEDIA ARMONICA | R2: MEDIA GEOMETRICA | S2: MEDIANA | T2: MEDIA ARITMÉTICA | U2: FACTOR MULTIPLICADOR DE REFERENCIA | V2: VARIABLE DE AJUSTE | W2: FACTOR MULTIPLIDOR DE REFERENCIA | X2: OBSERVACIONES
B3: 1.87 | D3: 1.715 | E3: 2.5 | F3: =AVERAGEIF(B3:E3,">0",B3:E3) -> 2.0283333 | H3: =+_xlfn.STDEV.S(B3:E3) -> 0.41576235 | I3: =IFERROR(H3/AVERAGEIF(B3:E3,">0",B3:E3),0) -> 0.20497733 | K3: =IF(OR(((B3-$F3)/$F3)>$K$1,((B3-$F3)/$F3)<$L$1),0,(B3-$F3)/$F3) -> -0.078060805 | L3: =IF(OR(((C3-$F3)/$F3)>$K$1,((C3-$F3)/$F3)<$L$1),0,(C3-$F3)/$F3) -> 0 | M3: =IF(OR(((D3-$F3)/$F3)>$K$1,((D3-$F3)/$F3)<$L$1),0,(D3-$F3)/$F3) -> -0.15447823 | N3: =IF(OR(((E3-$F3)/$F3)>$K$1,((E3-$F3)/$F3)<$L$1),0,(E3-$F3)/$F3) -> 0.23253903 | O3: ARIMETICA | Q3: =IFERROR(+HARMEAN(B3:E3),0) -> 1.9764802 | R3: =IFERROR(+GEOMEAN(B3:E3),0) -> 2.0014677 | S3: =IFERROR(MEDIAN(B3:E3),0) -> 1.87 | T3: =IFERROR(+AVERAGE(B3:E3),0) -> 2.0283333 | U3: =+T3 -> 2.0283333 | V3: 0.014869104 | W3: =+U3+V3 -> 2.0432024 | X3: SE UTILIZA VARIABLE DE AJUSTE AL FACTOR MULTIPLICADOR CON EL FIN DE ESTABLECER PRESUPUESTO APROBADO VF

Sheet ANALISIS DE PRECIOS
K1: 0.3 | L1: -0.3
Z2: IPC | AA2: 0.035 | AB2: 0.035
A3: ITEM | B3: DESCRIPCION | C3: UNIDAD DE MEDIDA | D3: CANTIDAD | E3: CONSULTORES, DESARROLLO Y AMBIENTE SAS BIC | F3: Future Forest Solutions SAS | G3: PRECIOS HISTORICOS CONTRATOS SDA | H3: CANTIDAD COTIZACIONES | I3: PROMEDIO | K3: CONSULTORES, DESARROLLO Y AMBIENTE SAS BIC | L3: Future Forest Solutions SAS | M3: PRECIOS HISTORICOS CONTRATOS SDA | O3: DESV. ESTÁNDAR | P3: COEFICIENTE DE VARIACION | Q3: OBSERVACIONES | S3: MEDIA ARMONICA | T3: MEDIA GEOMETRICA | U3: MEDIANA | V3: MEDIA ARITMÉTICA | W3: HERRAMIENTA ESTADISTICA UTILIZADA | X3: VALOR DE REFERENCIA SIN F.M. | Y3: FM | Z3: VALOR UNITARIO DE REFERENCIA 2025 | AA3: 2026 | AB3: 2027
A4: 1 | B4: Director de Interventoría | C4: PERSONAL | D4: 1 | E4: =+'COTIZACION 1'!H5 -> 5000000 | F4: =+'COTIZACION 2'!H4 -> 8000000 | G4: =+'PRECIOS HISTORICOS'!J7 -> 10163280 | H4: =+COUNTIF(E4:G4,">0") -> 3 | I4: =+AVERAGEIF(E4:G4,">0",E4:G4) -> 7721093.4 | K4: =IF(OR(((E4-$I4)/$I4)>$K$1,((E4-$I4)/$I4)<$L$1),0,(E4-$I4)/$I4) -> 0 | L4: =IF(OR(((F4-$I4)/$I4)>$K$1,((F4-$I4)/$I4)<$L$1),0,(F4-$I4)/$I4) -> 0.036122683 | M4: =IF(OR(((G4-$I4)/$I4)>$K$1,((G4-$I4)/$I4)<$L$1),0,(G4-$I4)/$I4) -> 0 | O4: =+_xlfn.STDEV.S(E4:G4) -> 2592914.8 | P4: =IFERROR(O4/AVERAGEIF(E4:G4,">0",E4:G4),0) -> 0.33582223 | Q4: SE PERMITE UN COEFICIENTE DE VARIACION DEL 36% CON EL FIN DE CONSERVAR LA 3 MUESTRAS Y ESTABLECER UN PRECIO REAL DEL MERACDO | S4: =IFERROR(+HARMEAN(E4:F4),0) -> 6153846.2 | T4: =IFERROR(+GEOMEAN(E4:G4),0) -> 7407948.6 | U4: =IFERROR(MEDIAN(E4:G4),0) -> 8000000 | V4: =IFERROR(+AVERAGE(E4:G4),0) -> 7721093.4 | W4: ARMONICA | X4: =+MIN(S4:V4) -> 6153846.2 | Y4: =+'FACTOR MULTIPLICADOR'!W3 -> 2.0432024 | Z4: =+(X4*Y4) -> 12573553 | AA4: =(Z4*(1+AA$2)) -> 13013628 | AB4: =+(AA4*(1+AB$2)) -> 13469105
A5: 2 | B5: Coordinador profesional ambiental de restauración | C5: PERSONAL | D5: 1 | E5: =+'COTIZACION 1'!H6 -> 5000000 | F5: =+'COTIZACION 2'!H5 -> 5500000 | G5: =+'PRECIOS HISTORICOS'!J8 -> 7007792.8 | H5: =+COUNTIF(E5:G5,">0") -> 3 | I5: =+AVERAGEIF(E5:G5,">0",E5:G5) -> 5835930.9 | K5: =IF(OR(((E5-$I5)/$I5)>$K$1,((E5-$I5)/$I5)<$L$1),0,(E5-$I5)/$I5) -> -0.14323866 | L5: =IF(OR(((F5-$I5)/$I5)>$K$1,((F5-$I5)/$I5)<$L$1),0,(F5-$I5)/$I5) -> -0.05756253 | M5: =IF(OR(((G5-$I5)/$I5)>$K$1,((G5-$I5)/$I5)<$L$1),0,(G5-$I5)/$I5) -> 0.20080119 | O5: =+_xlfn.STDEV.S(E5:G5) -> 1045201 | P5: =IFERROR(O5/AVERAGEIF(E5:G5,">0",E5:G5),0) -> 0.17909757 | S5: =IFERROR(+HARMEAN(E5:F5),0) -> 5238095.2 | T5: =IFERROR(+GEOMEAN(E5:G5),0) -> 5776143.6 | U5: =IFERROR(MEDIAN(E5:G5),0) -> 5500000 | V5: =IFERROR(+AVERAGE(E5:G5),0) -> 5835930.9 | W5: ARMONICA | X5: =+MIN(S5:V5) -> 5238095.2 | Y5: =+Y4 -> 2.0432024 | Z5: =+(X5*Y5) -> 10702489 | AA5: =(Z5*(1+AA$2)) -> 11077076 | AB5: =+(AA5*(1+AB$2)) -> 11464774
A6: 3 | B6: Coordinador Profesional SST | C6: PERSONAL | D6: 1 | E6: =+'COTIZACION 1'!H7 -> 5000000 | F6: =+'COTIZACION 2'!H6 -> 4500000 | G6: =+'PRECIOS HISTORICOS'!J9 -> 4996534 | H6: =+COUNTIF(E6:G6,">0") -> 3 | I6: =+AVERAGEIF(E6:G6,">0",E6:G6) -> 4832178 | K6: =IF(OR(((E6-$I6)/$I6)>$K$1,((E6-$I6)/$I6)<$L$1),0,(E6-$I6)/$I6) -> 0.034730097 | L6: =IF(OR(((F6-$I6)/$I6)>$K$1,((F6-$I6)/$I6)<$L$1),0,(F6-$I6)/$I6) -> -0.068742913 | M6: =IF(OR(((G6-$I6)/$I6)>$K$1,((G6-$I6)/$I6)<$L$1),0,(G6-$I6)/$I6) -> 0.034012816 | O6: =+_xlfn.STDEV.S(E6:G6) -> 287679.8 | P6: =IFERROR(O6/AVERAGEIF(E6:G6,">0",E6:G6),0) -> 0.059534189 | S6: =IFERROR(+HARMEAN(E6:F6),0) -> 4736842.1 | T6: =IFERROR(+GEOMEAN(E6:G6),0) -> 4826331.2 | U6: =IFERROR(MEDIAN(E6:G6),0) -> 4996534 | V6: =IFERROR(+AVERAGE(E6:G6),0) -> 4832178 | W6: ARMONICA | X6: =+MIN(S6:V6) -> 4736842.1 | Y6: =+Y5 -> 2.0432024 | Z6: =+(X6*Y6) -> 9678327.3 | AA6: =(Z6*(1+AA$2)) -> 10017069 | AB6: =+(AA6*(1+AB$2)) -> 10367666
A7: 4 | B7: Coordinador SIG | C7: PERSONAL | D7: 1 | E7: =+'COTIZACION 1'!H8 -> 5000000 | F7: =+'COTIZACION 2'!H7 -> 5500000 | G7: =+'PRECIOS HISTORICOS'!J10 -> 7007792.8 | H7: =+COUNTIF(E7:G7,">0") -> 3 | I7: =+AVERAGEIF(E7:G7,">0",E7:G7) -> 5835930.9 | K7: =IF(OR(((E7-$I7)/$I7)>$K$1,((E7-$I7)/$I7)<$L$1),0,(E7-$I7)/$I7) -> -0.14323866 | L7: =IF(OR(((F7-$I7)/$I7)>$K$1,((F7-$I7)/$I7)<$L$1),0,(F7-$I7)/$I7) -> -0.05756253 | M7: =IF(OR(((G7-$I7)/$I7)>$K$1,((G7-$I7)/$I7)<$L$1),0,(G7-$I7)/$I7) -> 0.20080119 | O7: =+_xlfn.STDEV.S(E7:G7) -> 1045201 | P7: =IFERROR(O7/AVERAGEIF(E7:G7,">0",E7:G7),0) -> 0.17909757 | S7: =IFERROR(+HARMEAN(E7:F7),0) -> 5238095.2 | T7: =IFERROR(+GEOMEAN(E7:G7),0) -> 5776143.6 | U7: =IFERROR(MEDIAN(E7:G7),0) -> 5500000 | V7: =IFERROR(+AVERAGE(E7:G7),0) -> 5835930.9 | W7: ARMONICA | X7: =+MIN(S7:V7) -> 5238095.2 | Y7: =+Y6 -> 2.0432024 | Z7: =+(X7*Y7) -> 10702489 | AA7: =(Z7*(1+AA$2)) -> 11077076 | AB7: =+(AA7*(1+AB$2)) -> 11464774
A8: 5 | B8: Abogado ambiental | C8: PERSONAL | D8: 1 | E8: =+'COTIZACION 1'!H9 -> 3750000 | F8: =+'COTIZACION 2'!H8 -> 2250000 | G8: =+'PRECIOS HISTORICOS'!J11 -> 7007792.8 | H8: =+COUNTIF(E8:G8,">0") -> 3 | I8: =+AVERAGEIF(E8:G8,">0",E8:G8) -> 4335930.9 | K8: =IF(OR(((E8-$I8)/$I8)>$K$1,((E8-$I8)/$I8)<$L$1),0,(E8-$I8)/$I8) -> -0.13513383 | L8: =IF(OR(((F8-$I8)/$I8)>$K$1,((F8-$I8)/$I8)<$L$1),0,(F8-$I8)/$I8) -> 0 | M8: =IF(OR(((G8-$I8)/$I8)>$K$1,((G8-$I8)/$I8)<$L$1),0,(G8-$I8)/$I8) -> 0 | O8: =+_xlfn.STDEV.S(E8:G8) -> 2432413.3 | P8: =IFERROR(O8/AVERAGEIF(E8:G8,">0",E8:G8),0) -> 0.56098986 | Q8: SE PERMITE UN COEFICIENTE DE VARIACION DEL 56% CON EL FIN DE CONSERVAR LA 3 MUESTRAS Y ESTABLECER UN PRECIO REAL DEL MERACDO | S8: =IFERROR(+HARMEAN(E8:F8),0) -> 2812500 | T8: =IFERROR(+GEOMEAN(E8:G8),0) -> 3895815.2 | U8: =IFERROR(MEDIAN(E8:G8),0) -> 3750000 | V8: =IFERROR(+AVERAGE(E8:G8),0) -> 4335930.9 | W8: ARMONICA | X8: =+MIN(S8:V8) -> 2812500 | Y8: =+Y7 -> 2.0432024 | Z8: =+(X8*Y8) -> 5746506.9 | AA8: =(Z8*(1+AA$2)) -> 5947634.6 | AB8: =+(AA8*(1+AB$2)) -> 6155801.8
A9: 6 | B9: Profesional Financiero | C9: PERSONAL | D9: 1 | E9: =+'COTIZACION 1'!H10 -> 5000000 | F9: =+'COTIZACION 2'!H9 -> 4500000 | G9: =+'PRECIOS HISTORICOS'!J12 -> 5912030.8 | H9: =+COUNTIF(E9:G9,">0") -> 3 | I9: =+AVERAGEIF(E9:G9,">0",E9:G9) -> 5137343.6 | K9: =IF(OR(((E9-$I9)/$I9)>$K$1,((E9-$I9)/$I9)<$L$1),0,(E9-$I9)/$I9) -> -0.026734362 | L9: =IF(OR(((F9-$I9)/$I9)>$K$1,((F9-$I9)/$I9)<$L$1),0,(F9-$I9)/$I9) -> -0.12406093 | M9: =IF(OR(((G9-$I9)/$I9)>$K$1,((G9-$I9)/$I9)<$L$1),0,(G9-$I9)/$I9) -> 0.15079529 | O9: =+_xlfn.STDEV.S(E9:G9) -> 715964.52 | P9: =IFERROR(O9/AVERAGEIF(E9:G9,">0",E9:G9),0) -> 0.13936473 | S9: =IFERROR(+HARMEAN(E9:F9),0) -> 4736842.1 | T9: =IFERROR(+GEOMEAN(E9:G9),0) -> 5104733.4 | U9: =IFERROR(MEDIAN(E9:G9),0) -> 5000000 | V9: =IFERROR(+AVERAGE(E9:G9),0) -> 5137343.6 | W9: ARMONICA | X9: =+MIN(S9:V9) -> 4736842.1 | Y9: =+Y8 -> 2.0432024 | Z9: =+(X9*Y9) -> 9678327.3 | AA9: =(Z9*(1+AA$2)) -> 10017069 | AB9: =+(AA9*(1+AB$2)) -> 10367666
A10: 7 | B10: Residente de Interventoría para el componente 1 de implementación | C10: PERSONAL | D10: 3 | E10: =+'COTIZACION 1'!H11 -> 15000000 | F10: =+'COTIZACION 2'!H10 -> 12000000 | G10: =+'PRECIOS HISTORICOS'!J13 -> 15520476 | H10: =+COUNTIF(E10:G10,">0") -> 3 | I10: =+AVERAGEIF(E10:G10,">0",E10:G10) -> 14173492 | K10: =IF(OR(((E10-$I10)/$I10)>$K$1,((E10-$I10)/$I10)<$L$1),0,(E10-$I10)/$I10) -> 0.058313659 | L10: =IF(OR(((F10-$I10)/$I10)>$K$1,((F10-$I10)/$I10)<$L$1),0,(F10-$I10)/$I10) -> -0.15334907 | M10: =IF(OR(((G10-$I10)/$I10)>$K$1,((G10-$I10)/$I10)<$L$1),0,(G10-$I10)/$I10) -> 0.095035415 | O10: =+_xlfn.STDEV.S(E10:G10) -> 1900203.6 | P10: =IFERROR(O10/AVERAGEIF(E10:G10,">0",E10:G10),0) -> 0.13406743 | S10: =IFERROR(+HARMEAN(E10:F10),0) -> 13333333 | T10: =IFERROR(+GEOMEAN(E10:G10),0) -> 14083994 | U10: =IFERROR(MEDIAN(E10:G10),0) -> 15000000 | V10: =IFERROR(+AVERAGE(E10:G10),0) -> 14173492 | W10: ARMONICA | X10: =+MIN(S10:V10) -> 13333333 | Y10: =+Y9 -> 2.0432024 | Z10: =+(X10*Y10) -> 27242699 | AA10: =(Z10*(1+AA$2)) -> 28196194 | AB10: =+(AA10*(1+AB$2)) -> 29183060
A11: 8 | B11: Residente de Interventoría para el componente 2 mantenimiento | C11: PERSONAL | D11: 8 | E11: =+'COTIZACION 1'!H12 -> 36000000 | F11: =+'COTIZACION 2'!H11 -> 32000000 | G11: =+'PRECIOS HISTORICOS'!J14 -> 41387935 | H11: =+COUNTIF(E11:G11,">0") -> 3 | I11: =+AVERAGEIF(E11:G11,">0",E11:G11) -> 36462645 | K11: =IF(OR(((E11-$I11)/$I11)>$K$1,((E11-$I11)/$I11)<$L$1),0,(E11-$I11)/$I11) -> -0.012688188 | L11: =IF(OR(((F11-$I11)/$I11)>$K$1,((F11-$I11)/$I11)<$L$1),0,(F11-$I11)/$I11) -> -0.1223895 | M11: =IF(OR(((G11-$I11)/$I11)>$K$1,((G11-$I11)/$I11)<$L$1),0,(G11-$I11)/$I11) -> 0.13507769 | O11: =+_xlfn.STDEV.S(E11:G11) -> 4711035.9 | P11: =IFERROR(O11/AVERAGEIF(E11:G11,">0",E11:G11),0) -> 0.12920171 | S11: =IFERROR(+HARMEAN(E11:F11),0) -> 33882353 | T11: =IFERROR(+GEOMEAN(E11:G11),0) -> 36261192 | U11: =IFERROR(MEDIAN(E11:G11),0) -> 36000000 | V11: =IFERROR(+AVERAGE(E11:G11),0) -> 36462645 | W11: ARMONICA | X11: =+MIN(S11:V11) -> 33882353 | Y11: =+Y10 -> 2.0432024 | Z11: =+(X11*Y11) -> 69228506 | AA11: =(Z11*(1+AA$2)) -> 71651504 | AB11: =+(AA11*(1+AB$2)) -> 74159306
Y12: VALOR MENSUAL SIN IVA | Z12: =SUM(Z4:Z11) -> 1.555529e+08 | AA12: =SUM(AA4:AA11) -> 1.6099725e+08 | AB12: =SUM(AB4:AB11) -> 1.6663215e+08
Y13: PLAZO | Z13: 5 | AA13: 12 | AB13: 13 | AC13: =SUM(Z13:AB13) -> 30
Y14: VALOR TOTAL VIGENCIA | Z14: =+Z12*Z13 -> 7.7776449e+08 | AA14: =+AA12*AA13 -> 1.931967e+09 | AB14: =+AB12*AB13 -> 2.166218e+09 | AC14: =SUM(Z14:AB14) -> 4.8759495e+09
Y15: IVA 19% | Z15: =+Z14*0.19 -> 1.4777525e+08 | AA15: =+AA14*0.19 -> 3.6707373e+08 | AB15: =+AB14*0.19 -> 4.1158142e+08
Y16: TOTAL | Z16: =SUM(Z14:Z15) -> 9.2553974e+08 | AA16: =SUM(AA14:AA15) -> 2.2990407e+09 | AB16: =SUM(AB14:AB15) -> 2.5777994e+09 | AC16: =SUM(Z16:AB16) -> 5.8023799e+09
Y17: VALOR MES CON IVA | Z17: =+Z16/Z13 -> 1.8510795e+08 | AA17: =+AA16/AA13 -> 1.9158673e+08 | AB17: =+AB16/AB13 -> 1.9829226e+08

Sheet VALOR TOTAL
C5: PRESUPUESTO TOTAL
C6: VIGENCIA | D6: PLAZO DEL CONTRATO (meses) | E6: VALOR MES CONTRATO SIN IVA | F6: VALOR TOTAL DEL PROCESO
C7: 2025 | D7: =+'ANALISIS DE PRECIOS'!Z13 -> 5 | E7: =+'ANALISIS DE PRECIOS'!Z12 -> 1.555529e+08 | F7: =ROUND((D7*E7),0) -> 777764491
C8: 2026 | D8: =+'ANALISIS DE PRECIOS'!AA13 -> 12 | E8: =+'ANALISIS DE PRECIOS'!AA12 -> 1.6099725e+08 | F8: =ROUND((D8*E8),0) -> 1931966995
C9: 2027 | D9: 13 | E9: =+'ANALISIS DE PRECIOS'!AB12 -> 1.6663215e+08 | F9: =ROUND((D9*E9),0) -> 2166217993
C10: PLAZO TOTAL | D10: =SUM(D7:D9) -> 30 | E10: SUBTOTAL | F10: =SUM(F7:F9) -> 4875949479
E11: IVA | F11: 0.19
E12: TOTAL | F12: =ROUND((F10*(1+F11)),0) -> 5802379880
